 Dungeon Crawl Stone Soup version 0.26-a0-30-g56b8cd3df0 (webtiles) character file.

Game seed: 16909682451361818022, levelgen mode: deterministic

13496 Hasart the Cleaver (level 12, -1/94 HPs)
             Began as a Formicid Fighter on May 30, 2020.
             Was a Priest of Dithmenos.
             Slain by an orc warrior
             ... wielding a +2 scimitar of holy wrath
              (2 damage)
             ... while petrified by Jorgrun
             ... on level 12 of the Dungeon.
             The game lasted 00:24:48 (11317 turns).

Hasart the Cleaver (Formicid Fighter)              Turns: 11317, Time: 00:24:48

Health: -1/94      AC: 11    Str: 25    XL:     12   Next: 33%
Magic:  16/16      EV: -1    Int:  8    God:    Dithmenos [***...]
Gold:   784        SH:  0    Dex: 11    Spells: 11/11 levels left

rFire    . . .     SeeInvis +   R - +2 halberd (venom)
rCold    + + .     Gourm    .   c - +0 kite shield
rNeg     + + +     Faith    .   s - +3 ring mail {rC+}
rPois    ∞         Spirit   .   (helmet unavailable)
rElec    .         Reflect  .   (no cloak)
rCorr    .         Harm     .   n - +0 pair of gloves
MR       +....                  (no boots)
Stlth    +.........             (no amulet)
HPRegen  0.25/turn              l - +4 ring of evasion
MPRegen  0.15/turn              N - ring of protection from cold

@: petrified, grasped by roots, wreathed by umbra, constricted
A: permanent stasis, dig shafts and tunnels, four strong arms, antennae 3
a: Dig, Shaft Self, Shadow Step, Renounce Religion


You were on level 12 of the Dungeon.
You worshipped Dithmenos.
Dithmenos was most pleased with you.
You were not hungry.

You visited 2 branches of the dungeon, and saw 13 of its levels.
You visited the Abyss 1 time.
You also visited: Sewer.

You collected 784 gold pieces.

Inventory:

Hand Weapons
 b - a +2 vampiric hand axe
 D - a +3 mace of holy wrath
 L - a +0 battleaxe
 P - a +2 morningstar of protection
 R - a +2 halberd of venom (weapon)
Missiles
 a - 8 boomerangs
 O - a curare-tipped dart (quivered)
Armour
 c - a +0 kite shield (worn)
 n - a +0 pair of gloves (worn)
 s - a +3 ring mail of cold resistance (worn)
Jewellery
 l - a +4 ring of evasion (left hand)
 N - a ring of protection from cold (right hand)
Wands
 B - a wand of random effects (62)
 H - a wand of iceblast (12)
Scrolls
 e - 5 scrolls of enchant armour
 h - 6 scrolls of teleportation
 i - 12 scrolls of identify
 j - 9 scrolls of remove curse
 o - 5 scrolls of random uselessness {unknown}
 p - 10 scrolls of amnesia
 q - 3 scrolls of immolation {unknown}
 r - 3 scrolls of magic mapping {unknown}
 x - 4 scrolls of enchant weapon {unknown}
 y - 3 scrolls of fear {unknown}
 z - a scroll of noise {unknown}
 C - 2 scrolls of blinking {unknown}
 F - a scroll of silence {unknown}
 G - a scroll of fog {unknown}
 I - a scroll of brand weapon {unknown}
 J - a scroll of acquirement {unknown}
 Q - a scroll of vulnerability {unknown}
Potions
 d - 3 potions of might
 k - 4 potions of flight
 m - 6 potions of curing
 t - 2 potions of lignification {unknown}
 u - 2 potions of heal wounds {unknown}
 v - a potion of brilliance {unknown}
 w - a potion of stabbing
 A - a potion of berserk rage {unknown}
 E - 3 potions of degeneration {unknown}
 M - a potion of mutation {unknown}
Miscellaneous
 K - a lightning rod (4/4)
Comestibles
 f - 13 rations
 g - a chunk of flesh


   Skills:
 + Level 8.9 Fighting
 * Level 10.7 Axes
 + Level 3.0 Throwing
 + Level 8.8 Armour
 + Level 4.5 Dodging
 + Level 9.7 Shields
 + Level 6.0 Invocations
 - Level 5.0 Evocations


You had 11 spell levels left.
You didn't know any spells.
Your spell library was empty.

Dungeon Overview and Level Annotations

Branches:
Dungeon (12/15)            Temple (1/1) D:5            Lair (0/6) D:10
  Sewer (visited)
    Orc: D:9-12

Altars:
Ashenzari
Cheibriados
Dithmenos
Elyvilon
Fedhas
Gozag
Hepliaklqana
Kikubaaqudgha
Makhleb
Nemelex Xobeh
Okawaru
Qazlal
Ru
Sif Muna
Trog
Uskayaw
Vehumet
Wu Jian
Xom
Yredelemnul
Zin
The Shining One

Annotations:
D:6 2 runed translucent doors, vurker's ghost, novice OpEE
D:12 Jorgrun


Innate Abilities, Weirdness & Mutations

You cannot be hasted, slowed, berserked, paralysed or teleported.
You can dig through walls and to a lower floor.
Your four strong arms can wield two-handed weapons with a shield.
You have a pair of large antennae on your head. (SInv)


Message History

An orc comes into view. It is wielding a +0 club.
Jorgrun hits you but does no damage. The grasping roots constrict you.
The orc warrior hits you with a +2 scimitar of holy wrath!!
A shadow imp comes into view.
Jorgrun hits you with a +0 vorpal quarterstaff.
* * * LOW HITPOINT WARNING * * *
x2 The grasping roots constrict you.
The orc warrior hits you with a +2 scimitar of holy wrath.
* * * LOW HITPOINT WARNING * * *
The orc wizard hits you but does no damage.
Jorgrun hits you with a +0 vorpal quarterstaff!
* * * LOW HITPOINT WARNING * * *
x3 The grasping roots constrict you!
The orc warrior hits you but does no damage.
The orc wizard hits you but does no damage.
Jorgrun hits you with a +0 vorpal quarterstaff!
* * * LOW HITPOINT WARNING * * *
x3 The grasping roots constrict you.
The orc warrior hits you with a +2 scimitar of holy wrath.
You die...

#####{{{{ .# #...#{{{{
.# #.###{{{{ 5. #.# .#
##.# o### .#.###### .(.{
........#########o#
.#.####.........@o#
.#.##############goD....
.#......# ..o....
.######.# ....... .#
####.#### ......§ ##
#.......# ....≈≈§
#..)....# .≈≈≈≈≈≈
#.......# ...≈≈≈≈
#.......#


You could see Jorgrun, an orc warrior, an acid dragon, an orc wizard, a shadow
imp and 3 orcs.

Vanquished Creatures
  A two-headed ogre (D:10)
  3 unseen horrors
  Pikel (D:4)
  A deep elf mage (D:12)
  An ugly thing (D:11)
  2 centaur zombies (D:11)
  Psyche (D:8)
  A gargoyle (D:11)
  3 hornets (D:11)
  A hippogriff (D:7)
  2 shadows (D:11)
  13 yaks
  3 hungry ghosts
  A soldier ant (D:11)
  6 ice beasts
  3 black bears
  4 phantoms
  2 orc warriors
  8 centaurs
  6 ogres
  A crocodile (D:11)
  A big kobold (D:7)
  A gnoll sergeant (D:10)
  Blork the orc (D:5)
  3 bullfrogs
  3 scorpions
  A small abomination (Abyss:1)
  3 killer bees (D:11)
  8 howler monkeys
  11 crimson imps
  2 jellies
  5 hounds
  2 quasits (D:11)
  2 orc priests
  A gnoll shaman (D:8)
  4 bullfrog skeletons
  7 orc wizards
  5 worker ants
  2 hound zombies
  10 gnolls
  30 adders
  A howler monkey skeleton (D:9)
  5 river rats
  A shadow imp (D:10)
  An ooze (D:5)
  An adder skeleton (D:7)
  2 adder zombies
  3 worms
  3 dart slugs
  4 leopard geckos
  29 orcs
  5 ball pythons
  8 giant cockroaches
  7 goblins
  12 hobgoblins
  4 jackals (D:5)
  5 quokkas
  2 bats
  4 frilled lizards
  29 kobolds
  A leopard gecko zombie (D:7)
  A quokka zombie (D:3)
  33 rats
327 creatures vanquished.

Notes
Turn   | Place    | Note
-------+----------+-------------------------------------------
     0 | D:1      | Hasart the Formicid Fighter began the quest for the Orb.
     0 | D:1      | Reached XP level 1. HP: 18/18 MP: 1/1
   372 | D:1      | Reached XP level 2. HP: 21/24 MP: 2/2
   914 | D:2      | Reached XP level 3. HP: 19/29 MP: 3/3
  1358 | D:2      | Reached XP level 4. HP: 37/37 MP: 4/4
  1478 | D:2      | Reached skill level 3 in Axes
  1586 | D:2      | Found a shimmering altar of Xom.
  2192 | D:3      | Reached XP level 5. HP: 42/42 MP: 5/5
  2329 | D:3      | Found a glowing drain.
  2353 | Sewer    | Entered a sewer
  2624 | Sewer    | Reached XP level 6. HP: 43/48 MP: 6/6
  2630 | Sewer    | Reached skill level 4 in Axes
  3222 | D:3      | Reached skill level 5 in Shields
  3244 | D:3      | Found a basalt altar of Yredelemnul.
  3813 | D:3      | Reached XP level 7. HP: 50/55 MP: 7/7
  3975 | D:4      | Found a glowing silver altar of Zin.
  3975 | D:4      | Found a shimmering blue altar of Sif Muna.
  3982 | D:4      | Found a sparkling altar of Nemelex Xobeh.
  4151 | D:4      | Noticed Pikel
  4175 | D:4      | Killed Pikel
  4175 | D:4      | Reached skill level 5 in Fighting
  4175 | D:4      | Reached skill level 5 in Axes
  4175 | D:4      | Reached skill level 5 in Armour
  4175 | D:4      | Reached XP level 8. HP: 62/63 MP: 8/8
  4215 | D:4      | Found an iron altar of Okawaru.
  4380 | D:5      | Entered Level 5 of the Dungeon
  4524 | D:5      | Reached skill level 6 in Axes
  4783 | D:5      | Noticed Blork the orc
  4793 | D:5      | Killed Blork the orc
  5090 | D:5      | Found a staircase to the Ecumenical Temple.
  5106 | Temple   | Entered the Ecumenical Temple
  5163 | Temple   | Became a worshipper of Dithmenos the Shadowed
  5292 | D:5      | Reached XP level 9. HP: 69/69 MP: 9/9
  5312 | D:5      | Found a sparkling altar of Nemelex Xobeh.
  5487 | D:6      | Reached skill level 7 in Axes
  6005 | D:6      | Found a large runed translucent door.
  6005 | D:6      | Found a large runed translucent door.
  6005 | D:6      | Noticed vurker's ghost (novice OpEE)
  6178 | D:7      | Noticed a hippogriff
  6183 | D:7      | Reached * piety under Dithmenos
  6183 | D:7      | Reached skill level 8 in Axes
  6195 | D:7      | Killed a hippogriff
  6195 | D:7      | Reached skill level 1 in Invocations
  6195 | D:7      | Reached skill level 1 in Evocations
  6215 | D:7      | Reached skill level 1 in Dodging
  6334 | D:7      | Reached XP level 10. HP: 79/79 MP: 11/11
  7197 | D:8      | Noticed Psyche
  7208 | D:8      | Cast into level 1 of the Abyss (Psyche)
  7299 | D:8      | Escaped the Abyss
  7311 | D:8      | Killed Psyche
  7472 | D:8      | Found an ornate altar of the Wu Jian Council.
  7520 | D:8      | Found a faded altar of an unknown god.
  7520 | D:8      | Found an opulent altar of Gozag.
  7525 | D:8      | Found a faded altar of an unknown god.
  7527 | D:8      | Found a glowing golden altar of the Shining One.
  7529 | D:8      | Found a hazy altar of Hepliaklqana.
  7683 | D:9      | Reached ** piety under Dithmenos
  7686 | D:9      | Reached skill level 9 in Axes
  8105 | D:10     | Entered Level 10 of the Dungeon
  8204 | D:10     | Noticed a two-headed ogre
  8218 | D:10     | Killed a two-headed ogre
  8324 | D:10     | Reached XP level 11. HP: 72/86 MP: 13/13
  8783 | D:10     | Noticed an unseen horror
  8843 | D:10     | Killed an unseen horror
  9104 | D:10     | Found a staircase to the Lair.
  9464 | D:11     | Noticed an unseen horror
  9494 | D:11     | Killed an unseen horror
  9674 | D:11     | Reached skill level 1 in Throwing
  9701 | D:11     | Reached skill level 10 in Axes
 10067 | D:11     | Reached skill level 5 in Invocations
 10133 | D:11     | Reached *** piety under Dithmenos
 10201 | D:11     | Noticed an unseen horror
 10233 | D:11     | Killed an unseen horror
 10313 | D:11     | Noticed a brown ugly thing
 10337 | D:11     | Killed a brown ugly thing
 10358 | D:11     | Reached XP level 12. HP: 83/94 MP: 16/16
 10363 | D:11     | Reached skill level 5 in Evocations
 11306 | D:12     | Noticed Jorgrun
 11316 | D:12     | HP: 3/94 [Jorgrun/+0 vorpal quarterstaff (6)]
 11316 | D:12     | HP: 1/94 [Jorgrun/+0 vorpal quarterstaff (1)]
 11317 | D:12     | Slain by an orc warrior

Illustrated notes

Levels and vault maps discovered:
D:1:      scummos_arrival_gate, layout_basic
D:2:      layout_basic, lemuel_crystal_altar
D:3:      layout_basic, first_ration, lightli_sewer_entry_pipes,
          yredelemnul_altar_generic
D:4:      layout_basic, gammafunk_temple_overflow_forgotten,
          okawaru_ov_weapons_minmay, hangedman_decor_push, uniq_pikel
D:5:      layout_loops_ring, minmay_temple_entry_mist,
          nemelex_dance_club_becter, uniq_blork_the_orc
D:6:      layout_basic, ebering_ghost_disaster_area
D:7:      layout_rooms
D:8:      layout_basic, lemuel_crystal_altar,
          chequers_temple_overflow_minitemple, uniq_psyche
D:9:      layout_cave_pools
D:10:     layout_stronghold, lair_entry_dummy
D:11:     layout_roguey, hangedman_pestilent_swarm
D:12:     layout_loops_cross, orc_0_dummy, basic_altar, special_room
          [special_room_bee], grunt_ministairs_1, lemuel_old_faithful,
          uniq_jorgrun
Temple:   dshaligram_water_room_temple

Skill      XL: |  1  2  3  4  5  6  7  8  9 10 11 12 |
---------------+-------------------------------------+-----
Shields        | 4 5 6 7 8 9 |  9.7
Axes           | 3 4 5 6 8 9 10 | 10.7
Fighting       | 4 5 6 7 8 |  8.9
Armour         | 4 5 6 7 8 |  8.8
Invocations    | 1 3 5 6 |  6.0
Evocations     | 1 3 4 5 |  5.0
Dodging        | 1 2 4 |  4.5
Throwing       | 2 3 |  3.0

Action                   |  1- 3 |  4- 6 |  7- 9 | 10-12 || total
-------------------------+-------+-------+-------+-------++-------
Melee: War axe           |   103 |   259 |    74 |       ||   436
       Hand axe          |       |       |   247 |   800 ||  1047
       Halberd           |       |       |       |   101 ||   101
Throw: Dart              |       |       |       |     4 ||     4
       Boomerang         |       |       |       |     1 ||     1
  Use: Potion            |       |     2 |       |     3 ||     5
       Scroll            |       |       |     5 |       ||     5
  Eat: Chunk             |     2 |     8 |     9 |    15 ||    34
       Ration            |       |       |       |     3 ||     3
Armor: Scale mail        |    39 |     4 |       |       ||    43
       Ring mail         |       |    85 |    52 |   145 ||   282
Dodge: Dodged            |    49 |   168 |   173 |   470 ||   860
Block: Kite shield       |    60 |   171 |   181 |   461 ||   873

Table legend:
 A = Non-vault XP
 B = Vault XP
 C = Vault XP percentage of total XP
 D = Non-vault monster count
 E = Vault monster count
 F = Vault count percentage of total count
                 A         B        C        D         E       F
            +---------+---------+-------+---------+---------+-------
      Total |   16984 |    2297 |  11.9 |     259 |      68 |  20.8
            +---------+---------+-------+---------+---------+-------
        D:1 |      27 |       0 |   0.0 |      18 |       0 |   0.0
        D:2 |      97 |       0 |   0.0 |      25 |       0 |   0.0
        D:3 |     148 |     125 |  45.8 |      25 |      11 |  30.6
        D:4 |      85 |     641 |  88.3 |      12 |       1 |   7.7
        D:5 |     636 |     215 |  25.3 |      17 |       3 |  15.0
        D:6 |    1059 |       0 |   0.0 |      22 |       0 |   0.0
        D:7 |    1146 |       0 |   0.0 |      30 |       0 |   0.0
        D:8 |     643 |     439 |  40.6 |      16 |       1 |   5.9
        D:9 |    1169 |       0 |   0.0 |      12 |       0 |   0.0
       D:10 |    3153 |       0 |   0.0 |      32 |       0 |   0.0
       D:11 |    7164 |     745 |   9.4 |      43 |       4 |   8.5
       D:12 |    1593 |       0 |   0.0 |       6 |       0 |   0.0
    Abyss:1 |      64 |       0 |   0.0 |       1 |       0 |   0.0
      Sewer |       0 |     132 | 100.0 |       0 |      48 | 100.0
            +---------+---------+-------+---------+---------+-------
